 Dungeon Crawl Stone Soup version 0.23.2-33-g5129a83184 (webtiles) character file.

Game seed: 16089437181312915172

93 Morrissey the Cutter (level 4, 0/29 HPs)
             Began as a Kobold Berserker on July 13, 2019.
             Was a Believer of Trog.
             Slain by an orc
             ... wielding a +0 dagger
              (2 damage)
             ... on level 3 of the Dungeon.
             The game lasted 00:02:44 (1518 turns).

Morrissey the Cutter (Kobold Berserker)             Turns: 1518, Time: 00:02:45

Health: 0/29       AC:  4    Str: 14    XL:     4   Next: 91%
Magic:  4/4        EV: 16    Int:  8    God:    Trog [**....]
Gold:   56         SH:  0    Dex: 15    Spells: 3/3 levels left

rFire    . . .     SeeInvis .   a - +2 dagger (venom)
rCold    . . .     Gourm    .   (shield restricted)
rNeg     . . .     Faith    .   b - +0 animal skin
rPois    .         Spirit   .   h - +0 helmet
rElec    .         Reflect  .   (no cloak)
rCorr    .         Harm     .   l - +0 pair of gloves
MR       .....                  (no boots)
Stlth    ++........             (no amulet)
HPRegen  0.09/turn              (no ring)
MPRegen  0.09/turn              (no ring)

@: no status effects
A: small, carnivore
a: Berserk, Trog's Hand, Renounce Religion


You were on level 3 of the Dungeon.
You worshipped Trog.
Trog was pleased with you.
You were completely stuffed.

You visited 1 branch of the dungeon, and saw 3 of its levels.

You collected 56 gold pieces.

Inventory:

Hand Weapons
 a - a +2 dagger of venom (weapon)
 i - a +0 short sword
Armour
 b - a +0 animal skin (worn)
 h - a +0 helmet (worn)
 l - a +0 pair of gloves (worn)
 n - a +0 chain mail
Scrolls
 d - 3 scrolls of identify {unknown}
 g - a scroll of fog {unknown}
 j - 3 scrolls of teleportation {unknown}
 k - a scroll of enchant weapon {unknown}
 o - a scroll of immolation {unknown}
Potions
 e - a potion of haste {unknown}
 f - a potion of magic {unknown}
 p - a potion of mutation {unknown}
Comestibles
 c - a ration
 m - 5 chunks of flesh


   Skills:
 * Level 4.1 Fighting
 * Level 5.0 Short Blades
 - Level 1.5 Armour
 * Level 3.5 Dodging
 + Level 2.0 Stealth


You had 3 spell levels left.
You didn't know any spells.
Your spell library was empty.

Dungeon Overview and Level Annotations

Branches:
Dungeon (3/15)

Altars:
Sif Muna
The Shining One


Innate Abilities, Weirdness & Mutations

You are small and have problems with some larger weapons.
You are carnivorous and can eat meat at any time.


Message History

An adder comes into view.
The adder hisses angrily.
The orc completely misses you.
The orc priest hits you with a +0 morningstar!
Ouch! That really hurt!
* * * LOW HITPOINT WARNING * * *
Found a dark potion.
Things that are here:
a +0 mace; a tomahawk; an orc corpse You hit the orc priest.
The orc priest is poisoned.
The orc priest is moderately wounded.
The orc hits you with a +0 dagger.
* * * LOW HITPOINT WARNING * * *
The orc priest hits you with a +0 morningstar.
* * * LOW HITPOINT WARNING * * *
You hit the orc priest.
The orc priest looks as sick as possible!
The orc priest is heavily wounded.
The orc hits you with a +0 dagger.
You die...

#.##.# ##.##.#
#..##.#
######..##.######
#.....(...........
.####.(##.######.
#..##.# #.....#
##o@.$# #..o##
.....S. ##.#....?.
#.#...#### #.#...#
#.#.... ##.!#.


You could see an orc priest, an adder and an orc.

Vanquished Creatures
  An orc wizard (D:3)
  An adder (D:2)
  An ooze (D:2)
  A worm (D:2)
  4 dart slugs
  A leopard gecko (D:1)
  5 orcs (D:3)
  A ball python (D:2)
  2 giant cockroaches (D:1)
  2 goblins (D:1)
  7 hobgoblins
  6 bats
  A frilled lizard (D:1)
  5 kobolds
  4 rats
42 creatures vanquished.

Notes
Turn   | Place    | Note
-------+----------+-------------------------------------------
     0 | D:1      | Morrissey the Kobold Berserker began the quest for the Orb.
     0 | D:1      | Reached XP level 1. HP: 14/14 MP: 1/1
    99 | D:1      | Reached XP level 2. HP: 18/19 MP: 2/2
   362 | D:1      | Reached skill level 1 in Stealth
   593 | D:1      | Reached XP level 3. HP: 16/23 MP: 3/3
   646 | D:1      | Reached ** piety under Trog
  1120 | D:2      | Found a deep blue altar of Sif Muna.
  1200 | D:2      | Reached XP level 4. HP: 24/29 MP: 4/4
  1401 | D:3      | Reached skill level 5 in Short Blades
  1456 | D:3      | Found a glowing golden altar of the Shining One.
  1518 | D:3      | Slain by an orc

Skill      XL: |  1  2  3  4 |
---------------+-------------+-----
Stealth        | 1 2 |  2.0
Dodging        | 3 |  3.5
Fighting       | 4 |  4.1
Short Blades   | 5 |  5.0
Armour         | |  1.5

Action                   |  1- 3 |  4- 6 || total
-------------------------+-------+-------++-------
Melee: Short sword       |    48 |       ||    48
       Dagger            |    49 |    33 ||    82
Invok: Berserk           |     1 |       ||     1
 Stab: Sleeping          |     1 |       ||     1
       Distracted        |       |     1 ||     1
  Eat: Chunk             |     9 |     2 ||    11
Armor: Animal skin       |    10 |     2 ||    12
Dodge: Dodged            |    70 |    13 ||    83
